 Dungeon Crawl Stone Soup version 0.18-a0-1788-g92de1ac (webtiles) character file.

46 barb4r1an the Digger (level 3, 0/27 HPs)
             Began as a Draconian Earth Elementalist on Apr 20, 2016.
             Slain by an adder (2 damage)
             ... on level 2 of the Dungeon.
             The game lasted 00:06:09 (1346 turns).

barb4r1an the Digger (Draconian Earth Elementalist) Turns: 1346, Time: 00:06:09

Health: 0/27       AC:  6    Str: 11    XL:     3   Next: 46%
Magic:  1/6        EV: 12    Int: 15    God:
Gold:   182        SH:  0    Dex: 11    Spells: 2 memorised, 2 levels left

rFire  . . .     SeeInvis .     h - +0 short sword
rCold  . . .     Gourm    .     (armour unavailable)
rNeg   . . .     Faith    .     (no shield)
rPois  .         Spirit   .     (helmet restricted)
rElec  .         Dismiss  .     (no cloak)
rCorr  .         Reflect  .     (no gloves)
SustAt .         Harm     .     g - +0 pair of boots
MR     .....                    (no amulet)
Stlth  ++........               (no ring)
                                (no ring)

@: lethally poisoned (0 -> -3), very slightly contaminated, not resistant to
hostile enchantments, unstealthy
A: unfitting armour, cold-blooded, AC +5
a: no special abilities


You were on level 2 of the Dungeon.
You were not hungry.

You visited 1 branch of the dungeon, and saw 2 of its levels.

You collected 182 gold pieces.

Inventory:

Hand Weapons
 d - a +0 dagger
 h - a +0 short sword (weapon)
Missiles
 a - 94 stones (quivered)
Armour
 g - a +0 pair of boots (worn)
Scrolls
 j - 3 scrolls of identify {unknown}
Potions
 e - a potion of mutation {unknown}
 i - a potion of heal wounds {unknown}
Books
 b - a book of Geomancy

   Spells                             Type                      Level
   a - Sandblast                      Earth                        1
   b - Passwall                       Transmutation/Earth          2
   c - Stone Arrow                    Conjuration/Earth            3
   d - Petrify                        Transmutation/Earth          4
   e - Lee's Rapid Deconstruction     Earth                        5
Comestibles
 c - a bread ration


   Skills:
 + Level 0.4 Fighting
 + Level 0.8 Short Blades
 + Level 2.4 Dodging
 - Level 1.7 Stealth
 + Level 2.3 Spellcasting
   Level 1.0 Transmutations
 + Level 3.5 Earth Magic


You had 2 spell levels left.
You knew the following spells:

 Your Spells              Type           Power        Failure   Level  Hunger
a - Sandblast             Erth           ##....       6%          1    #......
b - Stone Arrow           Conj/Erth      #.....       34%         3    ###....


Dungeon Overview and Level Annotations

Branches:
Dungeon (2/15)

Altars:


Innate Abilities, Weirdness & Mutations

Your plain brown scales are hard (AC +5).
Your body does not fit into most forms of armour.
You are cold-blooded and may be slowed by cold attacks.


Message History

The adder bites you but does no damage. The adder barely misses you.
You miss the adder.
The adder is severely wounded.
* * * LOW HITPOINT WARNING * * *
You feel sick. The adder misses you.
Casting: Stone Arrow
Confirm with . or Enter, or press ? or * to list all spells.
Aiming: Sandblast
Press: ? - help, Shift-Dir - straight line, f/p - adder
Aim: an adder (severely wounded)
The blast of sand misses the adder.
The adder closely misses you.
Casting: Sandblast
Confirm with . or Enter, or press ? or * to list all spells.
You don't have enough magic to cast that spell.
Unknown command.
The adder bites you but does no damage. The adder closely misses you.
* * * LOW HITPOINT WARNING * * *
You feel sick. The adder bites you but does no damage. The adder bites you.
You die...

############
#####..........# ######
#.S@.....#####.#
.....####### #.###.##.#
#.# .###.......# #.#
#.##.# #.# .# #######.#
#.# #.##†# #.# .#
#####.###.###.##.# #.#
.#####........).##.##.#
#.#
..............)....##>#
#.# .#
###.##.####..#####.#
#.# .# # #.# #..# #.#


You could see an adder.

Vanquished Creatures
  2 adder zombies (D:1)
  2 dart slugs (D:1)
  2 giant geckos (D:1)
  A giant cockroach (D:1)
  6 goblins
  2 hobgoblins (D:1)
  4 jackals
  4 kobolds
  2 bats
  A giant newt (D:1)
  5 rats
  A fungus (D:1)
32 creatures vanquished.

Vanquished Creatures (others)
  3 fungi (D:1)
3 creatures vanquished.

Grand Total: 35 creatures vanquished

Notes
Turn   | Place    | Note
--------------------------------------------------------------
     0 | D:1      | barb4r1an the Draconian Earth Elementalist began the quest for the Orb.
     0 | D:1      | Reached XP level 1. HP: 14/14 MP: 3/3
    91 | D:1      | Reached XP level 2. HP: 8/20 MP: 0/5
   603 | D:1      | Reached XP level 3. HP: 6/26 MP: 0/6
  1130 | D:1      | Learned a level 3 spell: Stone Arrow
  1346 | D:2      | Slain by an adder

Vault maps used:
D:1:      saegor_arrival_fortress, minmay_gold_behind_fungi
D:2:      first_bread

Skill      XL: |  1 |
---------------+----+-----
Dodging        | 2 |  2.4
Fighting       | |  0.4
Short Blades   | |  0.8
Stealth        | |  1.7
Spellcasting   | |  2.3
Transmutations | |  1.0
Earth Magic    | |  3.5

Action                   || total
-------------------------++-------
Melee: Dagger            ||    49
       Tailslap          ||     8
       Short sword       ||    47
 Cast: Sandblast         ||    34
       Stone Arrow       ||     3
  Use: Scroll            ||     2
  Eat: Meat ration       ||     1
Armor: Skin              ||    52
Dodge: Dodged            ||    92
